 Dungeon Crawl Stone Soup version 0.29-a0-103-g37f86683bf (webtiles) character file.

Game seed: 9118899629660361473

51 cyrus the Scratcher (level 3, -3/15 HPs)
             Began as a Felid Transmuter on Feb 15, 2022.
             Was a Follower of Qazlal.
             Slain by an adder (5 damage)
             ... on level 2 of the Dungeon.
             The game lasted 00:05:50 (2603 turns).

cyrus the Scratcher (Felid Transmuter)              Turns: 2603, Time: 00:05:50

Health: -3/15      AC:  1    Str:  8    XL:     3   Next: 58%
Magic:  5/7        EV: 17    Int: 14    God:    Qazlal [*.....]
Gold:   79         SH:  2    Dex: 16    Spells: 4/7 levels left
                                        Lives:  0   Deaths: 0

rFire   . . .      SeeInvis +     - Unarmed
rCold   . . .      Faith    .   (shield unavailable)
rNeg    . . .      Spirit   .   (armour unavailable)
rPois   .          Reflect  .   (helmet unavailable)
rElec   .          Harm     .   (cloak unavailable)
rCorr   .          Rampage  .   (gloves unavailable)
Will    .....                   (boots unavailable)
Stlth   ++........              (no amulet)
HPRegen 0.05/turn               (no ring)
MPRegen 0.10/turn               (no ring)

@: lethally poisoned (-3 -> -7), wereblooded, quick
A: very small, claws 1, fangs 3, see invisible, speed 1, shaggy fur 1, stealthy
paws, no weapons or thrown items, no armour, multi-lived
a: Renounce Religion


You were on level 2 of the Dungeon.
You worshipped Qazlal.
Qazlal was aware of your devotion.
You visited 1 branch of the dungeon, and saw 2 of its levels.

You collected 79 gold pieces.

Inventory:

Armour
 f - a +0 cloak
Jewellery
 d - a ring of fire
 e - a ring of protection from fire
Scrolls
 a - 3 scrolls of identify {unknown}
 c - a scroll of enchant weapon {unknown}
 g - a scroll of teleportation {unknown}
Potions
 b - a potion of might {unknown}
 h - a potion of degeneration {unknown}


   Skills:
 + Level 1.1 Fighting
 + Level 3.1 Dodging
 + Level 1.5 Stealth
 + Level 3.6 Unarmed Combat
 + Level 2.5 Spellcasting
 + Level 2.3 Transmutations


You had 4 spell levels left.
You knew the following spells:

 Your Spells              Type           Power      Damage    Failure   Level
a - Beastly Appendage     Tmut           16%        N/A       9%          1
b - Wereblood             Tmut           8%         N/A       13%         2

Your spell library contained the following spells:

 Spells                   Type           Power      Damage    Failure   Level
 Spider Form              Tmut/Pois      5%         N/A       38%         3
 Ice Form                 Ice/Tmut       5%         N/A       80%         4


Dungeon Overview and Level Annotations

Branches:
Dungeon (2/15)

Altars:
Dithmenos
Qazlal

Shops:
D:1 ?


Innate Abilities, Weirdness & Mutations

You have sharp claws.
You have razor-sharp teeth.
You have supernaturally acute eyesight. (SInv)
You cover ground quickly. (Speed+)
You are covered in fur. (AC +1)
Your paws help you pounce on unaware monsters.
You are incapable of wielding weapons or throwing items.
You cannot wear armour.
You gain extra lives every three experience levels.


Message History

You howl as the wereblood boils in your veins!
The rat misses you.
You closely miss the rat. The rat misses you.
You scratch the rat.
You kill the rat!
Qazlal accepts your kill.
You howl as the wereblood boils in your veins!
Your primal bloodlust is almost over.
You howl as the wereblood boils in your veins!
You howl as the wereblood boils in your veins!
h - a glowing cyan potion Your primal bloodlust has ended.
A kobold comes into view. It is wielding a +0 whip.
An adder comes into view.
The adder hisses angrily.
A bat comes into view.
Casting: Wereblood (safe; 13% risk of failure)
Confirm with . or Enter, or press ? or * to list all spells.
Your blood is infused with primal strength.
The kobold shouts!
The bat closely misses you. The bat closely misses you. The bat misses you.
The adder closely misses you.
You scratch the adder but do no damage. The bat closely misses you.
The adder closely misses you. The adder bites you.
You are poisoned.
The adder poisons you!
You closely miss the adder.
You feel sick. The bat barely misses you. The adder completely misses you.
You closely miss the adder.
You feel sick. The bat barely misses you. The adder closely misses you.
You closely miss the adder.
You feel sick. The adder bites you.
* * * LOW HITPOINT WARNING * * *
You are lethally poisoned!
The adder poisons you! You block the kobold's attack.
You scratch the adder.
The adder is moderately wounded.
* * * LOW HITPOINT WARNING * * *
You feel sick. The adder misses you. The kobold misses you.
The adder bites you.
You die...

.... ###.......
...........# ##......
#..........# ##8####
#.........###########
####.................##.
.............#####......
.....................###
......ยง..........#.[.#
.....bS@.......###...#
###...K......### #####
##........## ##......##
########


You could see an adder, a bat and a kobold.

Vanquished Creatures
  2 adders (D:2)
  A dart slug (D:2)
  6 endoplasms
  2 goblins (D:1)
  6 jackals (D:1)
  A kobold (D:1)
  2 ball pythons
  5 bats
  5 rats (D:2)
30 creatures vanquished.

Notes
Turn   | Place    | Note
-------+----------+-------------------------------------------
     0 | D:1      | cyrus the Felid Transmuter began the quest for the Orb.
     0 | D:1      | Reached XP level 1. HP: 9/9 MP: 4/4
   314 | D:1      | Reached XP level 2. HP: 2/12 MP: 4/6
  1226 | D:1      | Found a faded altar of an unknown god.
  1255 | D:1      | Prayed at the altar of an unknown god.
  1255 | D:1      | Became a worshipper of Qazlal Stormbringer
  1255 | D:1      | Reached * piety under Qazlal
  1389 | D:1      | Found Lyzer's Magic Scroll Emporium.
  1905 | D:2      | Found a shadowy altar of Dithmenos.
  1971 | D:2      | Learned a level 2 spell: Wereblood
  2340 | D:2      | Reached XP level 3. HP: 9/15 MP: 3/7
  2517 | D:2      | Reached skill level 1 in Stealth
  2603 | D:2      | Slain by an adder

Illustrated notes

Levels and vault maps discovered:
D:1:      minmay_arrival_checkered_box, layout_loops_corners, serial_shops,
          nicolae_shop_waterfront, ebering_ecumenical_altar_mist
D:2:      layout_rooms, serial_corexii_hall, chequers_hall_statues_wall_a,
          chequers_hall_statues_corner_a, corexii_hall_statues_i,
          chequers_hall_statues_y, basic_altar

Skill      XL: |  1  2  3 |
---------------+----------+-----
Dodging        | 3 |  3.1
Stealth        | 1 |  1.5
Fighting       | |  1.1
Unarmed Combat | |  3.6
Spellcasting   | |  2.5
Transmutations | |  2.3

Action                   || total
-------------------------++-------
Melee: Unarmed           ||    73
       Bite              ||     5
       Headbutt          ||     4
       Punch             ||     2
 Cast: Beastly Appendage ||    16
       Wereblood         ||     8
 Abil: End Transformatio ||     1
Armor: Skin              ||     8
Dodge: Dodged            ||    77
Block: Other             ||     3

Table legend: (Time is in decaauts)
 A = Elapsed time spent in this place.
 B = Non-inter-level travel time spent in this place.
 C = Inter-level travel time spent in this place.
 D = Time resting spent in this place.
 E = Time spent auto-exploring this place.
 F = Levels seen in this place.
 G = Mean time per level.
                   A        B        C        D        E       F      G
               +--------+--------+--------+--------+--------+-----+--------+
         Total |   2382 |   2357 |     25 |   1138 |    865 |   2 | 1191.0 |
       Dungeon |   2382 |   2357 |     25 |   1138 |    865 |   2 | 1191.0 |
               +--------+--------+--------+--------+--------+-----+--------+

Top non-repeatable levels by time:
     D:1: 1733 daAuts
     D:2: 648 daAuts
